 Dungeon Crawl Stone Soup version 0.28.0-53-g5a82cb258f (webtiles) character file.

Game seed: 16955960534332586738

1512 Stomo the Jester (level 8, -2/60 HPs)
             Began as a Demonspawn Gladiator on July 4, 2022.
             Was a Follower of Nemelex Xobeh.
             Succumbed to a gnoll sergeant's poison
             ... on level 6 of the Dungeon.
             The game lasted 00:07:55 (5912 turns).

Stomo the Jester (Demonspawn Gladiator)             Turns: 5912, Time: 00:07:55

Health: -2/60      AC:  8    Str: 17    XL:     8   Next: 53%
Magic:  15/15      EV: 12    Int: 11    God:    Nemelex Xobeh [*.....]
Gold:   221        SH:  5    Dex: 15    Spells: 7/7 levels left

rFire   . . .      SeeInvis .   a - +1 flail (spect)
rCold   . . .      Faith    .   (no shield)
rNeg    . . .      Spirit   .   h - +0 ring mail
rPois   .          Reflect  +   (helmet restricted)
rElec   .          Harm     .   l - +2 cloak
rCorr   .          Rampage  .   (no gloves)
Will    .....                   (no boots)
Stlth   +.........              i - amulet of reflection
HPRegen 0.20/turn               (no ring)
MPRegen 0.14/turn               (no ring)

@: lethally poisoned (-2 -> -17)
A: antennae 2, demonic guardian 1, spiny 1, big brain 1
a: Renounce Religion, Draw Escape, Draw Destruction, Draw Summoning


You were on level 6 of the Dungeon.
You worshipped Nemelex Xobeh.
Nemelex Xobeh was aware of your devotion.
You visited 1 branch of the dungeon, and saw 6 of its levels.

You collected 221 gold pieces.

Inventory:

Hand Weapons
 a - a +1 spectral flail (weapon)
 p - a +1 whip of flaming
Missiles
 d - 3 throwing nets (quivered)
Armour
 b - a +0 leather armour
 c - a +0 helmet
 h - a +0 ring mail (worn)
 l - a +2 cloak (worn)
Jewellery
 i - an amulet of reflection (around neck)
 o - a +6 ring of strength
 t - a ring of see invisible
Wands
 s - a wand of iceblast (7)
Scrolls
 e - 8 scrolls of identify
 n - 2 scrolls of blinking
Potions
 f - a potion of heal wounds {unknown}
 g - a potion of flight {unknown}
 j - a potion of curing {unknown}
 m - 2 potions of brilliance {unknown}


   Skills:
 + Level 4.1 Fighting
 + Level 4.2 Maces & Flails
 - Level 1.7 Throwing
 + Level 3.0 Armour
 + Level 4.2 Dodging
 + Level 10.1 Invocations


You had 7 spell levels left.
You didn't know any spells.
Your spell library contained the following spells:

 Spells                   Type           Power      Damage    Failure   Level
 Magic Dart               Conj           0%         1d3       54%         1
 Call Imp                 Summ           0%         N/A       67%         2
 Mephitic Cloud           Conj/Pois/Air  0%         N/A       88%         3


Dungeon Overview and Level Annotations

Branches:
Dungeon (6/15)
 Temple: D:4-7

Altars:
Cheibriados
Elyvilon
Nemelex Xobeh
Qazlal
Uskayaw
Vehumet
The Shining One

Shops:
D:1 (***


Innate Abilities, Weirdness & Mutations

You have a pair of antennae on your head.
A weak demonic guardian rushes to your aid.
You are partially covered in sharp spines.
You have an unusually large brain. (Int +2)


Message History

You completely miss the gnoll. The gnoll hits you with a +0 club!
The gnoll hits you but does no damage.
You barely miss the gnoll. The gnoll closely misses you.
The gnoll hits you but does no damage.
You closely miss the gnoll. The gnoll hits you with a +0 club.
The gnoll barely misses you.
You barely miss the gnoll. The gnoll hits you with a +0 club.
The gnoll hits you from afar with a +0 spear.
You barely miss the gnoll. The gnoll closely misses you.
The gnoll is struck by your spines. The gnoll barely misses you.
The gnoll hits you but does no damage.
You hit the gnoll.
The gnoll is almost dead.
The gnoll is struck by your spines.
You kill the gnoll!
The gnoll sergeant hits you from afar with a +2 trident of venom!
Unknown command.
The gnoll hits you from afar with a +0 spear.
A demonic guardian appears!
The gnoll sergeant hits you with a +2 trident of venom!
You are lethally poisoned!
Things that are here:
a +0 club; 2 smoky coppery potions You hit the gnoll sergeant.
The gnoll sergeant is lightly wounded.
* * * LOW HITPOINT WARNING * * *
You feel very sick. The gnoll hits you but does no damage.
The gnoll sergeant hits you with a +2 trident of venom.
* * * LOW HITPOINT WARNING * * *
You are more poisoned.
* * * LOW HITPOINT WARNING * * *
You feel very sick.
The gnoll sergeant hits you but does no damage.
You swap places.
* * * LOW HITPOINT WARNING * * *
You feel very sick.
The gnoll sergeant hits your iron imp with a +2 trident of venom.
You die...
Your body disappears without a glow.

### ..#.. ..#.#
..#g# #.#g#
#.#g# #.#5#
#.#.#####..
#.@.......#
#>#.#######
#.#... #.
##.#######
#.####........#
#.......#####.#
...8#8..#
...#!#..#
#..8#8..#


You could see a gnoll sergeant (ally target), 2 gnolls and a friendly iron imp
(summoned).

Vanquished Creatures
  Pikel (D:4)
  Duvessa (D:5)
  An ice beast (D:5)
  A lemure (D:5)
  A phantom (D:4)
  2 bullfrogs
  Dowan (D:5)
  A bullfrog zombie (D:5)
  A centaur zombie (D:3)
  A hound (D:5)
  A jelly (D:4)
  A gnoll shaman (D:5)
  3 orc priests (D:4)
  Jessica (D:2)
  3 orc wizards (D:4)
  A hound zombie (D:5)
  7 gnolls
  9 adders
  An ufetubus (D:4)
  2 worms
  4 dart slugs
  15 orcs
  4 endoplasms
  3 giant cockroaches
  8 goblins
  6 hobgoblins
  5 quokkas
  A ball python (D:1)
  4 bats
  2 frilled lizards
  4 kobolds
  6 rats
102 creatures vanquished.

Vanquished Creatures (collateral kills)
  A dart slug (D:3)
  2 orcs (D:3)
3 creatures vanquished.

Grand Total: 105 creatures vanquished

Notes
Turn   | Place    | Note
-------+----------+-------------------------------------------
     0 | D:1      | Stomo the Demonspawn Gladiator began the quest for the Orb.
     0 | D:1      | Reached XP level 1. HP: 16/16 MP: 1/1
   291 | D:1      | Gained mutation: A weak demonic guardian rushes to your
                  | aid. [demonic ancestry]
   291 | D:1      | Reached XP level 2. HP: 22/22 MP: 2/2
   293 | D:1      | Found Ivval's Assorted Antiques.
  1039 | D:1      | Found Opteigh's Antique Weapon Boutique.
  1188 | D:1      | Found Ipiklonk's Assorted Antiques.
  1240 | D:1      | Found Veit's Assorted Antiques.
  1576 | D:2      | Reached skill level 1 in Armour
  1617 | D:2      | Reached XP level 3. HP: 28/28 MP: 3/3
  1662 | D:2      | Found a faded altar of an unknown god.
  1850 | D:2      | Noticed Jessica
  2232 | D:2      | Killed Jessica
  2482 | D:3      | Found a snail-covered altar of Cheibriados.
  2514 | D:3      | Reached XP level 4. HP: 32/34 MP: 4/4
  3352 | D:4      | Gained mutation: You have a pair of small antennae on your
                  | head. [demonic ancestry]
  3352 | D:4      | Reached XP level 5. HP: 41/41 MP: 5/5
  3838 | D:4      | Gained mutation: You have an unusually large brain. (Int
                  | +2) [demonic ancestry]
  3838 | D:4      | Reached XP level 6. HP: 47/47 MP: 6/6
  4033 | D:4      | Found a sparkling altar of Nemelex Xobeh.
  4060 | D:4      | Became a worshipper of Nemelex Xobeh the Trickster
  4085 | D:4      | Found a radiant altar of Vehumet.
  4119 | D:4      | Reached skill level 2 in Invocations
  4182 | D:4      | Reached skill level 3 in Invocations
  4229 | D:4      | Reached skill level 4 in Invocations
  4237 | D:4      | Gained mutation: You have a pair of antennae on your head.
                  | [demonic ancestry]
  4237 | D:4      | Reached XP level 7. HP: 35/53 MP: 10/10
  4415 | D:4      | Found a stormy altar of Qazlal.
  4534 | D:5      | Entered Level 5 of the Dungeon
  4565 | D:5      | Noticed Dowan
  4566 | D:5      | Noticed Duvessa
  4577 | D:5      | Killed Duvessa
  4578 | D:5      | Reached skill level 5 in Invocations
  4595 | D:5      | Reached skill level 6 in Invocations
  4598 | D:5      | Killed Dowan
  4777 | D:5      | Noticed Pikel
  4806 | D:5      | Reached skill level 7 in Invocations
  4848 | D:4      | Killed Pikel
  4849 | D:4      | Reached skill level 9 in Invocations
  4849 | D:4      | Gained mutation: You are partially covered in sharp spines.
                  | [demonic ancestry]
  4849 | D:4      | Reached XP level 8. HP: 24/60 MP: 12/15
  5183 | D:5      | Found a hide-covered altar of Uskayaw.
  5428 | D:5      | Reached skill level 10 in Invocations
  5762 | D:5      | Reached * piety under Nemelex Xobeh
  5911 | D:6      | HP: 2/60 [poisoned by a gnoll sergeant]
  5912 | D:6      | Succumbed to a gnoll sergeant's poison

Illustrated notes

Levels and vault maps discovered:
D:1:      dpeg_arrival_connections, layout_loops_ring, serial_shops, shop, shop,
          shop_statue, nicolae_shop_overgrown_old_shop, kennysheep_boxes
D:2:      layout_basic, shapermc_ecumenical_altar_notcrosses, uniq_jessica
D:3:      layout_basic, cheibriados_altar_1
D:4:      layout_basic, lemuel_crystal_altar, elyvilon_altar_3,
          mainiacjoe_overflow_swirl, grunt_ministairs_2
D:5:      layout_basic, lemuel_round_altar, eat_drink_and_be_merry_uskayaw,
          water_boxes_lemuel, uniq_pikel, uniq_duvessa
D:6:      layout_loops_ring, kennysheep_mini, minmay_statues_item,
          kennysheep_windowed_goal

Skill      XL: |  1  2  3  4  5  6  7  8 |
---------------+-------------------------+-----
Maces & Flails | 3 4 |  4.2
Dodging        | 3 4 |  4.2
Armour         | 1 2 3 |  3.0
Fighting       | 3 4 |  4.1
Invocations    | 4 9 10 | 10.1
Throwing       | |  1.7

Action                   |  1- 3 |  4- 6 |  7- 9 || total
-------------------------+-------+-------+-------++-------
Melee: Flail             |    96 |    99 |   104 ||   299
       Punch             |       |     1 |     2 ||     3
  Use: Scroll            |     5 |       |     5 ||    10
 Stab: Distracted        |       |       |     3 ||     3
Armor: Leather armour    |    22 |       |       ||    22
       Ring mail         |    13 |    28 |    25 ||    66
Dodge: Dodged            |    64 |    52 |    41 ||   157
Block: Other             |       |    13 |    23 ||    36
